 Dungeon Crawl Stone Soup version 0.22-a0-293-gc9362ec4a2 (webtiles) character file.

46 Infinimo the Skirmisher (level 3, 0/40 HPs)
             Began as an Ogre Berserker on Mar 24, 2018.
             Was a Believer of Trog.
             Slain by a worm (7 damage)
             ... on level 2 of the Dungeon.
             The game lasted 00:00:53 (776 turns).

Infinimo the Skirmisher (Ogre Berserker)             Turns: 776, Time: 00:00:53

Health: 0/40       AC:  3    Str: 22    XL:     3   Next: 66%
Magic:  3/3        EV: 10    Int:  8    God:    Trog [**....]
Gold:   72         SH:  0    Dex:  8    Spells: 2/2 levels left

rFire    . . .     SeeInvis .   a - +0 mace
rCold    . . .     Gourm    .   (no shield)
rNeg     . . .     Faith    .   b - +0 animal skin
rPois    .         Spirit   .   (helmet restricted)
rElec    .         Reflect  .   (no cloak)
rCorr    .         Harm     .   (gloves unavailable)
MR       .....                  (boots unavailable)
Stlth    +.........             (no amulet)
HPRegen  0.13/turn              (no ring)
MPRegen  0.08/turn              (no ring)

@: no status effects
A: large, unfitting armour, tough skin 1
a: Berserk, Trog's Hand, Renounce Religion


You were on level 2 of the Dungeon.
You worshipped Trog.
Trog was pleased with you.
You were not hungry.

You visited 1 branch of the dungeon, and saw 2 of its levels.

You collected 72 gold pieces.

Inventory:

Hand Weapons
 a - a +0 mace (weapon)
Armour
 b - a +0 animal skin (worn)
Scrolls
 f - 4 scrolls of identify {unknown}
 h - 2 scrolls of magic mapping {unknown}
Potions
 e - a potion of heal wounds {unknown}
 g - a potion of mutation {unknown}
 i - a potion of degeneration {unknown}
Comestibles
 c - 3 rations
 d - 2 chunks of flesh


   Skills:
 + Level 4.7 Fighting
 * Level 3.7 Maces & Flails
 - Level 2.6 Dodging


You had 2 spell levels left.
You didn't know any spells.

Dungeon Overview and Level Annotations

Branches:
Dungeon (2/15)

Altars:


Innate Abilities, Weirdness & Mutations

You are too large for most types of armour.
You have tough skin. (AC +1)


Message History

Some of the chunks of flesh in your inventory have rotted away.
A worm comes into view.
The worm bites you.
You sock the worm!
The worm is severely wounded.
The worm bites you.
The worm is heavily wounded.
The worm bites you.
You are too injured to fight recklessly!
You are too injured to fight recklessly!
You are too injured to fight recklessly!
The worm is severely wounded.
The worm bites you.
The worm is severely wounded.
The worm is severely wounded.
The worm bites you!
* * * LOW HITPOINT WARNING * * *
The worm is heavily wounded.
The worm bites you!
You die...

.. # #. .... #.. ...#.
... ##.###.#.# #.#
.........######.# #)#
#....?..##### #.#
#.####......# #.#
#.###.....#.# #.#
#.##....w...## #
####(####.#.....@....##.#
..........#........$....#
####(######..###.....####
#.# ##. #....## #.# #.
#..#.# ####.# #.!.)##.#
.....# ##..###.# #######
#.. #.# ....... ... ...


You could see a worm.

Vanquished Creatures
  2 adders (D:2)
  2 dart slugs
  A leopard gecko (D:1)
  A ball python (D:2)
  4 bats
  A goblin (D:1)
  4 hobgoblins
  A kobold (D:2)
  A quokka (D:2)
  2 frilled lizards (D:1)
  3 rats
22 creatures vanquished.

Notes
Turn   | Place    | Note
-------+----------+-------------------------------------------
     0 | D:1      | Infinimo the Ogre Berserker began the quest for the Orb.
     0 | D:1      | Reached XP level 1. HP: 24/24 MP: 1/1
   113 | D:1      | Reached XP level 2. HP: 32/32 MP: 2/2
   453 | D:2      | Reached XP level 3. HP: 37/40 MP: 3/3
   757 | D:2      | Reached ** piety under Trog
   776 | D:2      | Slain by a worm

Vault maps used:
D:1:      dpeg_arrival_simpleton_b, minmay_misc_feat_ornament
D:2:      evilmike_ruin_ashenzari, minmay_tetromino_o4

Skill      XL: |  1 |
---------------+----+-----
Maces & Flails | 3 |  3.7
Fighting       | |  4.7
Dodging        | |  2.6

Action                   || total
-------------------------++-------
Melee: Mace              ||    65
Invok: Berserk           ||     1
  Eat: Chunk             ||     1
Armor: Animal skin       ||    10
Dodge: Dodged            ||    36

Table legend:
 A = Spawn XP
 B = Non-spawn XP
 C = Spawn XP percentage of total XP
 D = Spawn monster count
 E = Non-spawn monster count
 F = Spawn count percentage of total count
 G = Total turns spent on level
                    A         B        C        D         E        F      G
               +---------+---------+-------+---------+---------+-------+---------
         Total |       0 |      66 |   0.0 |       0 |      22 |   0.0 |   776
               +---------+---------+-------+---------+---------+-------+---------
           D:1 |       0 |      22 |   0.0 |       0 |      11 |   0.0 |   453
           D:2 |       0 |      44 |   0.0 |       0 |      11 |   0.0 |   323
               +---------+---------+-------+---------+---------+-------+---------
